 Dungeon Crawl Stone Soup version 0.32-a0-450-g080537f31e (webtiles) character file.

Game seed: 14513892167297270389

95 anacleto the Caller (level 4, 0/24 HPs)
             Began as a Deep Elf Summoner on Feb 20, 2024.
             Slain by an adder (2 damage)
             ... on level 3 of the Dungeon on Feb 23, 2024.
             The game lasted 00:08:30 (1520 turns).

anacleto the Caller (Deep Elf Summoner)             Turns: 1520, Time: 00:08:31

Health: 0/24       AC:  2    Str:  5    XL:     4   Next: 40%
Magic:  10/11      EV: 13    Int: 22    God:
Gold:   48         SH:  0    Dex: 15    Spells: 4/10 levels left

rFire   . . .        c - +0 dagger
rCold   . . .        k - orb {mayhem}
rNeg    . . .        a - +0 robe
rPois   .            (no helmet)
rElec   .            (no cloak)
rCorr   .            (no gloves)
SInv    +            (no boots)
Will    .....        (no amulet)
Stlth   ++           i - ring of see invisible
HPRegen 0.24/turn    (no ring)
MPRegen 0.12/turn

%: mayhem
@: lethally poisoned (0 -> -1)
A: no striking features
a: no special abilities


You were on level 3 of the Dungeon.
You visited 1 branch of the dungeon, and saw 3 of its levels.

You collected 48 gold pieces.

Inventory:

Hand Weapons
 c - a +0 dagger (weapon)
Armour
 a - a +0 robe (worn)
 k - an orb of mayhem (worn)
Jewellery
 h - a ring of protection from cold
 i - a ring of see invisible (left hand)
Scrolls
 e - 2 scrolls of identify {unknown}
 g - a scroll of blinking {unknown}
 l - a scroll of teleportation {unknown}
 m - a scroll of enchant weapon {unknown}
Potions
 b - a potion of magic
 d - 3 potions of enlightenment {unknown}
 f - a potion of degeneration {unknown}
 j - a potion of mutation {unknown}
 n - a potion of attraction {unknown}


   Skills:
 + Level 3.3 Dodging
 + Level 3.6 Stealth
 + Level 3.8 Spellcasting
 * Level 5.2 Summonings


You had 4 spell levels left.
You knew the following spells:

 Your Spells              Type           Power      Damage    Failure   Level
a - Summon Small Mammal   Summ           100%       N/A       1%          1
b - Call Imp              Summ           54%        N/A       1%          2
c - Call Canine Familiar  Summ           27%        N/A       4%          3

Your spell library contained the following spells:

 Spells                   Type           Power      Damage    Failure   Level
 Sigil of Binding         Hex            4%         N/A       34%         3
 Summon Blazeheart Golem  Fire/Summ      15%        N/A       36%         4
 Summon Lightning Spire   Summ/Air       15%        N/A       36%         4
 Dimensional Bullseye     Hex/Tloc       2%         N/A       75%         4


Dungeon Overview and Level Annotations

Branches:
Dungeon (3/15)

Altars:
Ashenzari

Shops:
D:1 :[*:[


Message History

Found 8 gold pieces.
Found a stone staircase leading up.
There is a stone staircase leading up here.
You now have 42 gold pieces (gained 2).
You now have 48 gold pieces (gained 6).
An adder comes into view.
You see here a silvery potion.
The adder hisses angrily.
You see here a silvery potion.
n - a silvery potion The adder bites you but does no damage.
Casting: Summon Small Mammal (safe; 1% risk of failure)
Confirm with . or Enter, or press ? or * to list all spells.
The adder bites you but does no damage.
Casting: Summon Small Mammal (safe; 1% risk of failure)
Confirm with . or Enter, or press ? or * to list all spells.
Your bat hits the adder. The adder bites you.
You are poisoned.
The adder poisons you! The adder bites you.
You feel sick.
Your bat misses the adder. The adder misses you.
Your rat bites the adder.
You feel sick.
Your bat barely misses the adder.
Your bat misses the adder. The adder bites you.
Your rat closely misses the adder.
You feel sick. The adder bites you.
Your rat barely misses the adder.
You feel sick.
You are no longer poisoned.
Your bat closely misses the adder.
The adder closely misses you. The adder bites you.
You are poisoned.
The adder poisons you!
Your rat barely misses the adder.
You feel sick. The adder misses you.
Your bat closely misses the adder.
Your rat misses the adder.
You feel sick. The adder bites you.
* * * LOW HITPOINT WARNING * * *
Your rat barely misses the adder.
Your bat misses the adder.
You feel sick.
Your bat closely misses the adder.
The adder barely misses you. The adder bites you.
* * * LOW HITPOINT WARNING * * *
Your rat barely misses the adder.
You feel sick.
Your bat hits the adder. The adder bites you.
You die...

..............
.............## .
..............#.....
.....)......... ....
.............# .....
.............# .....
.......b.Sr.##....#.
#..@....#.#....
#####..........
#...#...#..
#..........
#.......#.#
#.....##... #.....#
.. #...#.# #...<.#


You could see an adder (ally target), a friendly bat (summoned) and a friendly
rat (summoned).

Vanquished Creatures (collateral kills)
  A hound zombie (D:2)
  An adder (D:2)
  An adder zombie (D:2)
  An adder skeleton (D:2)
  2 dart slugs (D:2)
  3 bats
  A bat zombie (D:2)
  5 endoplasms
  A giant cockroach (D:2)
  4 goblins
  6 hobgoblins
  2 jackals (D:2)
  4 quokkas
  4 ball pythons
  2 ball python skeletons (D:2)
  5 frilled lizards
  3 kobolds (D:1)
  A quokka skeleton (D:2)
  A quokka zombie (D:2)
  3 rats
51 creatures vanquished.

Notes
Turn   | Place    | Note
-------+----------+-------------------------------------------
     0 | D:1      | anacleto the Deep Elf Summoner began the quest for the Orb.
     0 | D:1      | Reached XP level 1. HP: 10/10 MP: 6/6
    81 | D:1      | Found Rurymo's Armour Emporium.
   107 | D:1      | Reached XP level 2. HP: 11/15 MP: 1/8
   315 | D:1      | Upgraded the game from 0.32-a0-411-g744942f433 to
                  | 0.32-a0-450-g080537f31e
   390 | D:1      | Found Edaykk's Armour Boutique.
   419 | D:1      | Learned a level 2 spell: Call Imp
   434 | D:1      | Found Mypputrargh's Book Shop.
   482 | D:1      | Found Haimuqob's General Store.
   515 | D:1      | Reached XP level 3. HP: 19/19 MP: 6/9
   577 | D:1      | Found Telohux's Book Shoppe.
   857 | D:2      | Learned a level 3 spell: Call Canine Familiar
   867 | D:2      | Found a broken altar of Ashenzari.
   929 | D:2      | Reached skill level 5 in Summonings
   986 | D:2      | Reached XP level 4. HP: 24/24 MP: 6/11
  1520 | D:3      | Slain by an adder

Illustrated notes

Levels and vault maps discovered:
D:1:      roderic_crop_circles_arrival_large, layout_rooms, serial_shops,
          nicolae_book_shop_shelving, nicolae_shop_tiny_statue_garden,
          nicolae_shop_advertising_works [nicolae_subvault_shop_adworks], shop,
          nicolae_diamond_shop
D:2:      layout_rooms, basic_altar, serial_undead, serial_undead_d,
          serial_undead_a, serial_undead_a, serial_undead_b, serial_undead_c,
          serial_undead_c, serial_undead_e
D:3:      layout_rooms, mainiacjoe_overflow_catwalk_spiral,
          amcnicky_altar_gilded, mrwooster_statue_mirror

Skill      XL: |  1  2  3 |
---------------+----------+-----
Stealth        | 3 |  3.6
Dodging        | 3 |  3.3
Summonings     | 5 |  5.2
Spellcasting   | |  3.8

Action                     |  1- 3 |  4- 6 || total
---------------------------+-------+-------++-------
  Melee: Unarmed           |     2 |       ||     2
         Dagger            |     5 |     5 ||    10
   Cast: Summon Small Mamm |    43 |    11 ||    54
         Call Canine Famil |     2 |     2 ||     4
         Call Imp          |     2 |     1 ||     3
 Armour: Robe              |    20 |    18 ||    38
  Dodge: Dodged            |    37 |    18 ||    55

Table legend: (Time is in decaauts)
 A = Elapsed time spent in this place.
 B = Non-inter-level travel time spent in this place.
 C = Inter-level travel time spent in this place.
 D = Time resting spent in this place.
 E = Time spent auto-exploring this place.
 F = Levels seen in this place.
 G = Mean time per level.
                   A        B        C        D        E       F      G
               +--------+--------+--------+--------+--------+-----+--------+
         Total |   1518 |   1464 |     54 |     73 |    710 |   3 |  506.0 |
       Dungeon |   1518 |   1464 |     54 |     73 |    710 |   3 |  506.0 |
               +--------+--------+--------+--------+--------+-----+--------+

Top non-repeatable levels by time:
     D:2: 768 daAuts
     D:1: 722 daAuts
     D:3: 27 daAuts
